 Dungeon Crawl Stone Soup version 0.17.0-24-gcfadda4 (console) character file.

27 gw the Slasher (level 2, -4/19 HPs)
             Began as a High Elf Gladiator on Nov 15, 2015.
             Slain by a kobold
             ... wielding a +0 short sword
              (6 damage)
             ... on level 2 of the Dungeon.
             The game lasted 00:00:36 (1127 turns).

gw the Slasher (High Elf Gladiator)                 Turns: 1127, Time: 00:00:36

Health: -4/19      AC:  4    Str: 14    XL:     2   Next: 93%
Magic:  3/3        EV: 13    Int: 11    God:
Gold:   15         SH:  0    Dex: 15    Spells: 0 memorised, 1 level left

rFire  . . .     SeeInvis .     a - +0 long sword
rCold  . . .     Clarity  .     b - +0 leather armour
rNeg   + . .     SustAt   .     (no shield)
rPois  .         Gourm    .     c - +0 helmet
rElec  .         Spirit   .     (no cloak)
rCorr  .         Warding  +     (no gloves)
rMut   .         Stasis   .     (no boots)
MR     .....                    h - amulet of warding
Stlth  +.........               (no ring)
                                (no ring)

@: very slightly contaminated, not resistant to hostile enchantments, very
unstealthy
A: no striking features
a: no special abilities


You were on level 2 of the Dungeon.
You were very hungry.

You visited 1 branch of the dungeon, and saw 2 of its levels.

You collected 15 gold pieces.

Inventory:

Hand Weapons
 a - a +0 long sword (weapon)
Missiles
 d - 3 throwing nets
Armour
 b - a +0 leather armour (worn)
 c - a +0 helmet (worn)
Jewellery
 h - an amulet of warding (around neck)
Comestibles
 e - a bread ration


   Skills:
 + Level 2.2 Fighting
 * Level 4.4 Long Blades
 - Level 2.0 Throwing
 + Level 3.7 Dodging


You had one spell level left.
You didn't know any spells.

Dungeon Overview and Level Annotations

Branches:
Dungeon (2/15)

Altars:

Annotations:
D:2 Sigmund


Message History

MOVING TO (-2,3)
You barely miss the bat.
The bat is moderately wounded.
The bat hits you but does no damage. The bat hits you. Something hits you.
The kobold hits you but does no damage.
Trying to move but square is occupied??
Making a random move The bat closely misses you. x2
Trying to move but square is occupied??
Making a random move The bat hits you. The bat barely misses you.
MOVING TO (-2,0)
The bat closely misses you. The kobold hits you but does no damage.
Something hits you.
There is a dry fountain here.
MOVING TO (-1,0)
The bat barely misses you. Something hits you but does no damage.
MOVING TO (2,-3)
The kobold hits you with a short sword.
You die...

. ... #.....
........
.....#........
#...#..........
#...#..........
#...#.#.....?..!
#...#.#.........+
#...#.#.........#
#..e............#
#.(bK...}.#.....#
#...............#
#.}...<...}...$.#
##..............#
#..}...}.......#
###............+
#####........#
##########


You could see a bat and a kobold.

Table legend:
 A = Turns spent in this place as a percentage of turns spent in the entire game.
 B = Non-inter-level travel turns spent in this place as a percentage of non-inter-level travel turns spent in the entire game.
 C = Inter-level travel turns spent in this place as a percentage of turns spent in this place.
 D = Turns resting spent in this place as a percentage of non-inter-level travel turns spent in this place.
 E = Turns spent auto-exploring this place as a percentage of non-inter-level travel turns spent in this place.
 F = Non-inter-level travel turns spent in this place divided by the number of levels of this place that you've seen.
                   A       B       C       D       E      F
               +-------+-------+-------+-------+-------+----------------------
         Total | 100.0 | 100.0 |   0.1 |   0.8 |   2.5 | 618.0
       Dungeon | 100.0 | 100.0 |   0.1 |   0.8 |   2.5 | 618.0
               +-------+-------+-------+-------+-------+----------------------

Table legend:
 A = Kills in this place as a percentage of kills in entire the game.
 B = Kills by you in this place as a percentage of kills by you in the entire game.
 C = Kills by friends in this place as a percentage of kills by friends in the entire game.
 D = Other kills in this place as a percentage of other kills in the entire game.
 E = Experience gained in this place as a percentage of experience gained in the entire game.
 F = Experience gained in this place divided by the number of levels of this place that you have seen.
                   A       B       C       D       E      F
               +-------+-------+-------+-------+-------+----------------------
         Total | 100.0 | 100.0 |  -nan |  -nan | 100.0 |  19.5
       Dungeon | 100.0 | 100.0 |  -nan |  -nan | 100.0 |  19.5
               +-------+-------+-------+-------+-------+----------------------

Vanquished Creatures
  An ooze (D:1)
  2 giant geckos (D:1)
  A goblin (D:1)
  2 hobgoblins
  3 kobolds (D:1)
  5 bats
  2 giant newts (D:1)
  7 rats
23 creatures vanquished.

Notes
Turn   | Place    | Note
--------------------------------------------------------------
     0 | D:1      | gw the High Elf Gladiator began the quest for the Orb.
     0 | D:1      | Reached XP level 1. HP: 14/14 MP: 2/2
   102 | D:1      | Reached skill level 4 in Long Blades
   438 | D:1      | Reached XP level 2. HP: 19/19 MP: 3/3
  1115 | D:2      | Noticed Sigmund
  1127 | D:2      | Slain by a kobold

Action                   || total
-------------------------++-------
Melee: Long sword        ||    65
  Use: Scroll            ||     1
       Potion            ||     1

Vault maps used:
D:1:      erik_arrival_triangle_small, grunt_decor_fettered, st_stairs_10,
          serial_bayou_ford_a
D:2:      nicolae_ru_awakened_eye, minitemple, grunt_ministairs_2, uniq_terence,
          uniq_sigmund, uniq_crazy_yiuf_cottage
